 Dungeon Crawl Stone Soup version 0.32-a0-433-g08bcfe7efd (webtiles) character file.

Game seed: 14778959662751335129

3306 pokeman the Thaumaturge (level 9, -2/50 (51) HPs)
             Began as a Deep Elf Hedge Wizard on Feb 23, 2024.
             Was a Follower of Vehumet.
             Slain by a bullfrog (7 damage)
             ... on level 7 of the Dungeon.
             The game lasted 00:19:46 (8730 turns).

pokeman the Thaumaturge (Deep Elf Hedge Wizard)     Turns: 8730, Time: 00:19:46

HP:   -2/50 (51)    AC:  2    Str: 10    XL:     9   Next: 70%
MP:   11/27         EV: 13    Int: 24    God:    Vehumet [*.....]
Gold: 316           SH:  0    Dex: 18    Spells: 14/32 levels left

rFire   . . .        u - +11 dagger "Enejits" {flame, *Corrode Str+3 Dex+4}
rCold   . . .        (no shield)
rNeg    . . .        b - +0 robe
rPois   .            c - +0 hat
rElec   .            (no cloak)
rCorr   .            (no gloves)
SInv    .            (no boots)
Will    .....        (no amulet)
Stlth   ++           r - +4 ring of slaying
HPRegen 0.28/turn    (no ring)
MPRegen 0.20/turn

%: corrode self (3%)
@: on blink cooldown, slowed, lightly drained, very slow
A: no striking features
a: Renounce Religion


You were on level 7 of the Dungeon.
You worshipped Vehumet.
Vehumet was aware of your devotion.
You visited 2 branches of the dungeon, and saw 9 of its levels.

You collected 352 gold pieces.
You spent 36 gold pieces at shops.

Inventory:

Hand Weapons
 n - a +0 dagger of venom
 u - the +11 dagger "Enejits" (weapon) {flame, *Corrode Str+3 Dex+4}
   (You found it on level 5 of the Dungeon)

   Str+3:     It affects your strength (+3).
   Dex+4:     It affects your dexterity (+4).
   *Corrode:  It may corrode you when you take damage.
Missiles
 w - 2 throwing nets
Armour
 b - a +0 robe (worn)
 c - a +0 hat (worn)
 i - a +1 ring mail of fire resistance
 q - an orb of light
Magical Staves
 K - a staff of alchemy
Jewellery
 r - a +4 ring of slaying (left hand)
 z - a ring of fire
 E - an amulet of guardian spirit
 H - a ring of ice
Wands
 l - a wand of roots (3)
 t - a wand of acid (12)
 D - a wand of polymorph (5)
 I - a wand of flame (43)
Scrolls
 e - 3 scrolls of fear {unknown}
 g - a scroll of enchant armour {unknown}
 h - 3 scrolls of blinking {unknown}
 j - 6 scrolls of identify {unknown}
 k - 4 scrolls of torment {unknown}
 m - a scroll of butterflies {unknown}
 p - 2 scrolls of poison {unknown}
 s - 3 scrolls of brand weapon {unknown}
 x - 3 scrolls of teleportation {unknown}
 y - a scroll of amnesia {unknown}
 B - 3 scrolls of immolation {unknown}
 C - 2 scrolls of revelation {unknown}
 F - 2 scrolls of fog {unknown}
 G - a scroll of noise {unknown}
Potions
 a - 3 potions of berserk rage {unknown}
 d - a potion of magic
 f - 5 potions of heal wounds {unknown}
 o - a potion of curing
 v - 2 potions of degeneration {unknown}
 A - a potion of mutation {unknown}
 J - a potion of might {unknown}


   Skills:
 + Level 3.6 Fighting
 - Level 3.0 Armour
 - Level 3.0 Dodging
 - Level 3.0 Stealth
 * Level 12.2 Spellcasting
 + Level 6.8 Conjurations
 - Level 1.1 Summonings
 - Level 1.1 Translocations
 + Level 5.3 Ice Magic
 - Level 1.1 Air Magic
 - Level 1.1 Earth Magic
 - Level 1.0 Alchemy
 - Level 1.0 Evocations


You had 14 spell levels left.
You knew the following spells:

 Your Spells              Type           Power      Damage    Failure   Level
a - Magic Dart            Conj           100%       1d8       1%          1
b - Mephitic Cloud        Conj/Alch/Air  29%        N/A       3%          3
c - Call Imp              Summ           38%        N/A       4%          2
d - Blink                 Tloc           38%        N/A       4%          2
e - Stone Arrow           Conj/Erth      66%        3d11      2%          3
f - Ozocubu's Refrigerat  Ice            20%        4d11      98%         7

Your spell library contained the following spells:

 Spells                   Type           Power      Damage    Failure   Level
 Freeze                   Ice            100%       1d10      1%          1
 Sting                    Conj/Alch      100%       1d9       1%          1
 Momentum Strike          Conj/Tloc      66%        3d9       1%          2
 Apportation              Tloc           38%        N/A       2%          1
 Sandblast                Erth           40%        2d10      2%          1
 Summon Small Mammal      Summ           76%        N/A       2%          1
 Ensorcelled Hibernation  Hex/Ice        54%        N/A       2%          2
 Necrotise                Necr           56%        1d6       4%          1
 Slow                     Hex            56%        N/A       4%          1
 Cigotuvi's Dreadful Rot  Necr/Alch/Air  36%        N/A       4%          2
 Lesser Beckoning         Tloc           38%        N/A       4%          2
 Mercury Vapours          Alch/Air       40%        N/A       4%          2
 Passwall                 Erth           20%        N/A       8%          3
 Brom's Barrelling Bould  Conj/Erth      33%        2d5       9%          4
 Fugue of the Fallen      Necr           14%        N/A       13%         3
 Olgreb's Toxic Radiance  Alch           19%        N/A       26%         4
 Anguish                  Hex/Necr       7%         N/A       38%         4
 Sculpt Simulacrum        Ice/Alch       15%        N/A       86%         6
 Polar Vortex             Ice            20%        12d2*     100%        9


Dungeon Overview and Level Annotations

Branches:
Dungeon (8/15)             Temple (1/1) D:6
   Lair: D:8-11

Altars:
Cheibriados
Dithmenos
Elyvilon
Fedhas
Kikubaaqudgha
Makhleb
Nemelex Xobeh
Okawaru
Qazlal
Ru
Sif Muna
Trog
Uskayaw
Vehumet
Wu Jian
Xom
Yredelemnul
Zin
The Shining One

Shops:
D:4 !


Message History

You feel very sick.
You hear a shout!
You hear a loud, deep croak!
You hear a shout! x2
The kobold completely misses you.
A bullfrog comes into view.
The kobold brigand is engulfed in noxious fumes.
The kobold brigand appears confused.
The kobold hits you with a +0 short sword.
You hear a shout!
Unknown command.
You hit the kobold but do no damage.
You feel very sick.
A kobold comes into view. It is wielding a +0 short sword.
The kobold brigand is engulfed in noxious fumes.
The kobold brigand appears confused.
The kobold misses you.
The kobold moves out of view.
Unknown command.
You feel very sick. The bullfrog hits you!
* * * LOW HITPOINT WARNING * * *
The kobold brigand hits itself with a +0 club.
The bullfrog hits you!
* * * LOW HITPOINT WARNING * * *
The kobold misses you.
You climb upwards.
* * * LOW HITPOINT WARNING * * *
You feel very sick.
There is a stone staircase leading down here.
Unknown command.
Casting: Mephitic Cloud (dangerous; 3% risk of failure)
Confirm with . or Enter, or press ? or * to list all spells.
You blink.
* * * LOW HITPOINT WARNING * * *
You feel sick.
Unknown command.
Unknown command.
You feel better.
The kobold throws a stone.
The stone completely misses you. The bullfrog hits you.
* * * LOW HITPOINT WARNING * * *
The bullfrog hits you!
You die...

######....##.# #...
##...##.#####.# ##### #...
.....##.## #.## #^#.###...
.........# #..#########^.^^##...
....###..# ##.......>##_.^^'....
....###..## #........##..^.##...
....##....####....K...##.#^###...
......................###### #...
...........#....@F....##### ###.
....##....................# #.
....##....................# #.
##.###.#............##..#### #.
#.#.................##....# #.
#............##.....#####.#####.
##........#####.....## #.......
#.........###.......#########..
#.........#...........########[


You could see a bullfrog and a kobold.

Vanquished Creatures
  A hornet (D:7)
  Prince Ribbit (D:5)
  Grinder (D:3)
  Menkaure (D:7)
  2 water moccasins
  2 ice beasts (D:7)
  3 black bears
  3 ogres
  2 centaurs
  A weeping skull (D:7)
  A kobold brigand (D:7)
  Blork the orc (D:4)
  A gnoll sergeant (D:7)
  2 scorpions
  A wight (D:8)
  3 bombardier beetles
  7 hounds
  3 gnoll boudas
  A jelly (D:4)
  Natasha (thrice) (D:3)
  Ijyb (D:3)
  5 iguanas
  3 orc wizards
  16 gnolls
  5 adders
  3 shadow imps
  4 ribbon worms
  4 dart slugs
  19 orcs
  8 bats
  6 endoplasms
  A giant cockroach (D:3)
  13 goblins
  12 hobgoblins
  5 jackals (D:4)
  17 kobolds
  2 quokkas (D:1)
  8 ball pythons
  6 frilled lizards
  6 rats
  A spectral orc (D:7)
185 creatures vanquished.

Vanquished Creatures (collateral kills)
  An adder (D:2)
  An orc (D:2)
  A ball python (D:2)
3 creatures vanquished.

Vanquished Creatures (others)
  A human (D:5)
  A scorpion (D:4)
  An orc priest (D:4)
  An iguana (D:4)
  An orc (D:4)
  A goblin (D:4)
6 creatures vanquished.

Grand Total: 194 creatures vanquished

Notes
Turn   | Place    | Note
-------+----------+-------------------------------------------
     0 | D:1      | pokeman the Deep Elf Hedge Wizard began the quest for the
                  | Orb.
     0 | D:1      | Reached XP level 1. HP: 10/10 MP: 7/7
   329 | D:1      | Reached XP level 2. HP: 15/15 MP: 7/9
   640 | D:1      | Reached skill level 5 in Spellcasting
   777 | D:1      | Reached XP level 3. HP: 20/20 MP: 6/11
   781 | D:1      | Learned a level 3 spell: Mephitic Cloud
   784 | D:1      | Learned a level 2 spell: Call Imp
   787 | D:1      | Learned a level 2 spell: Blink
  1372 | D:2      | Reached skill level 1 in Fighting
  1412 | D:2      | Reached skill level 1 in Armour
  1957 | D:2      | Reached XP level 4. HP: 5/25 MP: 5/13
  2598 | D:3      | Noticed Grinder
  2622 | D:3      | Noticed Natasha
  2632 | D:3      | Killed Natasha
  2635 | D:3      | Found an iron altar of Okawaru.
  2646 | D:3      | Reached skill level 6 in Spellcasting
  2660 | D:3      | Reached XP level 5. HP: 29/29 MP: 6/15
  2684 | D:3      | Paralysed by Grinder for 4 turns
  2750 | D:3      | Noticed Ijyb
  2769 | D:3      | Paralysed by Grinder for 3 turns
  3127 | D:3      | Noticed Natasha
  3134 | D:3      | Killed Natasha
  3135 | D:3      | Reached skill level 1 in Evocations
  3250 | D:4      | Reached skill level 1 in Air Magic
  3250 | D:4      | Reached skill level 1 in Alchemy
  3520 | D:4      | Reached XP level 6. HP: 34/34 MP: 15/17
  3687 | D:4      | Found a shimmering altar of Xom.
  3794 | D:4      | Reached skill level 7 in Spellcasting
  4198 | D:4      | Found Houram's Distillery.
  4206 | D:4      | Bought a potion of curing for 36 gold pieces
  4238 | D:4      | Learned a level 3 spell: Stone Arrow
  4372 | D:4      | Noticed Blork the orc
  4384 | D:4      | Killed Blork the orc
  4385 | D:4      | Reached XP level 7. HP: 20/40 MP: 16/20
  4673 | D:5      | Entered Level 5 of the Dungeon
  4686 | D:5      | Identified the +11 dagger "Enejits" {flame, *Corrode Str+3
                  | Dex+4}
  4720 | D:5      | Found an ancient bone altar of Kikubaaqudgha.
  4729 | D:5      | Learned a level 7 spell: Ozocubu's Refrigeration
  4729 | D:5      | Noticed a human
  4730 | D:5      | Killed a human
  4802 | D:5      | Reached skill level 8 in Spellcasting
  4802 | D:5      | Reached skill level 1 in Earth Magic
  4996 | D:5      | Noticed Prince Ribbit
  5008 | D:5      | Killed Prince Ribbit
  5009 | D:5      | Reached skill level 1 in Ice Magic
  5099 | D:5      | Reached skill level 9 in Spellcasting
  5099 | D:5      | Reached XP level 8. HP: 30/44 MP: 9/23
  5580 | D:3      | Noticed Natasha
  5583 | D:3      | Killed Natasha
  5938 | D:3      | Killed Grinder
  5940 | D:3      | Killed Ijyb
  5941 | D:3      | Reached skill level 5 in Conjurations
  6611 | D:6      | Reached skill level 10 in Spellcasting
  6791 | D:6      | Found a staircase to the Ecumenical Temple.
  6826 | Temple   | Entered the Ecumenical Temple
  6835 | Temple   | Became a worshipper of Vehumet
  7419 | D:7      | Found a shadowy altar of Dithmenos.
  7423 | D:7      | Reached XP level 9. HP: 49/49 MP: 15/25
  7595 | D:7      | Reached skill level 11 in Spellcasting
  8018 | D:7      | Reached skill level 5 in Ice Magic
  8053 | D:7      | Noticed Menkaure
  8057 | D:7      | Killed Menkaure
  8165 | D:7      | Reached skill level 12 in Spellcasting
  8665 | D:7      | Found a basalt altar of Yredelemnul.
  8717 | D:8      | Reached * piety under Vehumet
  8717 | D:8      | Offered knowledge of Freeze by Vehumet.
  8729 | D:7      | HP: 2/50 [poisoned by a kobold brigand (curare-tipped
                  | dart)]
  8730 | D:7      | Slain by a bullfrog

Illustrated notes

Levels and vault maps discovered:
D:1:      dpeg_arrival_court, layout_basic
D:2:      layout_loops_ring, minmay_misc_feat_more_columns, minmay_misc_feat_x,
          nrook_mini_vaults, kennysheep_potato
D:3:      cheibrodos_greedy_goblins, layout_loops_ring,
          mainiacjoe_overflow_tiny_flanked, nicolae_grassy_gnolls, uniq_natasha,
          uniq_grinder, uniq_ijyb
D:4:      layout_basic, xom_confusion_cloud, serial_shops,
          nicolae_shop_hallway_plus, uniq_blork_the_orc
D:5:      layout_basic, tgw_kikubaaqudgha, uniq_prince_ribbit1
D:6:      cheibrodos_quashed, layout_basic, temple_pool_b
D:7:      layout_rooms, nicolae_dithmenos_shadow_blocks,
          yredelemnul_forgotten_temple_becter, uniq_menkaure
D:8:      layout_cave_pools, evilmike_ruin_ashenzari, marbit_many_paths,
          serial_gnoll_camp, gnoll_camp_mini_shop, gnoll_camp_mini_basic,
          gnoll_camp_mini_house, gnoll_camp_mini_basic, gnoll_camp_mini_house,
          gnoll_camp_mini_hut, ebering_ghost_reflecting_pool, enter_bailey_8,
          sword_in_stone
Temple:   nicolae_temple_ecumenical_triangle

Skill      XL: |  1  2  3  4  5  6  7  8  9 |
---------------+----------------------------+-----
Spellcasting   | 5 6 7 9 10 12 | 12.2
Fighting       | 1 2 3 |  3.6
Armour         | 1 2 3 |  3.0
Conjurations   | 2 3 4 5 6 |  6.8
Dodging        | 3 |  3.0
Stealth        | 3 |  3.0
Evocations     | 1 |  1.0
Air Magic      | 1 |  1.1
Alchemy        | 1 |  1.0
Earth Magic    | 1 |  1.1
Ice Magic      | 2 4 5 |  5.3
Summonings     | |  1.1
Translocations | |  1.1

Action                     |  1- 3 |  4- 6 |  7- 9 || total
---------------------------+-------+-------+-------++-------
  Melee: Dagger            |    19 |    48 |    45 ||   112
   Cast: Magic Dart        |   114 |   108 |    68 ||   290
         Mephitic Cloud    |     1 |    13 |    11 ||    25
         Call Imp          |     1 |     4 |     1 ||     6
         Blink             |       |     2 |     2 ||     4
         Stone Arrow       |       |       |    89 ||    89
  Evoke: Wand              |       |     3 |       ||     3
    Use: Potion            |       |       |     1 ||     1
   Stab: Sleeping          |     1 |     1 |       ||     2
         Paralysed         |       |     1 |       ||     1
         Confused          |       |     4 |     5 ||     9
 Armour: Robe              |    18 |    29 |    50 ||    97
         Skin              |       |       |     5 ||     5
  Dodge: Dodged            |    19 |    40 |    46 ||   105

Table legend: (Time is in decaauts)
 A = Elapsed time spent in this place.
 B = Non-inter-level travel time spent in this place.
 C = Inter-level travel time spent in this place.
 D = Time resting spent in this place.
 E = Time spent auto-exploring this place.
 F = Levels seen in this place.
 G = Mean time per level.
                   A        B        C        D        E       F      G
               +--------+--------+--------+--------+--------+-----+--------+
         Total |   8744 |   8466 |    278 |    554 |   6606 |   9 |  971.6 |
       Dungeon |   8725 |   8455 |    270 |    554 |   6606 |   8 | 1090.6 |
        Temple |     18 |     10 |      8 |      0 |      0 |   1 |   18.0 |
               +--------+--------+--------+--------+--------+-----+--------+

Top non-repeatable levels by time:
     D:6: 1583 daAuts
     D:4: 1515 daAuts
     D:1: 1334 daAuts
     D:2: 1297 daAuts
     D:3: 1255 daAuts
     D:7: 859 daAuts
     D:5: 855 daAuts
     D:8: 24 daAuts
  Temple: 18 daAuts
